 Dungeon Crawl Stone Soup version 0.25.1-2-g60ff931df9 (webtiles) character file.

Game seed: 3002561959124357727

6221 funkygono the Destroyer (level 10, 0/75 HPs)
             Began as a Gnoll Conjurer on Oct 6, 2020.
             Was a Priest of Okawaru.
             Slain by an unseen horror (8 damage)
             ... on level 11 of the Dungeon on Oct 10, 2020.
             The game lasted 00:29:09 (9856 turns).

funkygono the Destroyer (Gnoll Conjurer)            Turns: 9856, Time: 00:29:10

Health: 0/75       AC:  4    Str: 12    XL:     10   Next: 92%
Magic:  13/21      EV: 21    Int: 20    God:    Okawaru [***...]
Gold:   432        SH:  0    Dex: 15    Spells: 21/24 levels left

rFire    + . .     SeeInvis .   s - +7 flail
rCold    + . .     Gourm    .   (no shield)
rNeg     . . .     Faith    .   a - +2 robe
rPois    +         Spirit   .   (no helmet)
rElec    +         Reflect  .   (no cloak)
rCorr    +         Harm     .   (no gloves)
MR       .....                  (no boots)
Stlth    +++++.....             i - amulet of magic regeneration
HPRegen  0.22/turn              (no ring)
MPRegen  0.42/turn              (no ring)

@: resistant, heroism
A: distributed training, fangs 1, strong nose
a: Heroism, Renounce Religion


You were on level 11 of the Dungeon.
You worshipped Okawaru.
Okawaru was most pleased with you.
You were not hungry.

You visited 2 branches of the dungeon, and saw 12 of its levels.

You collected 432 gold pieces.

Inventory:

Hand Weapons
 f - a +1 whip
 s - a +7 flail (weapon)
Armour
 a - a +2 robe (worn)
Jewellery
 i - an amulet of magic regeneration (around neck)
Wands
 m - a wand of polymorph (11)
 q - a wand of clouds (5)
 t - a wand of digging (9)
 x - a wand of random effects (19)
Scrolls
 b - 2 scrolls of teleportation
 e - a scroll of enchant armour
 n - a scroll of remove curse
 p - a scroll of blinking
 r - 2 scrolls of identify
 u - 2 scrolls of fear
 v - 3 scrolls of enchant weapon
Potions
 h - a potion of might {unknown}
 j - a potion of lignification {unknown}
 k - 2 potions of haste
 l - 2 potions of magic {unknown}
 o - 3 potions of curing
Comestibles
 c - 18 rations
 w - 8 chunks of flesh


   Skills:
 + Level 5.6(10.6) Fighting
 + Level 5.6(10.6) Short Blades
 + Level 5.6(10.6) Long Blades
 + Level 5.6(10.6) Axes
 + Level 5.6(10.6) Maces & Flails
 + Level 5.6(10.6) Polearms
 + Level 5.6(10.6) Staves
 + Level 5.6(10.6) Slings
 + Level 5.6(10.6) Bows
 + Level 5.6(10.6) Crossbows
 + Level 5.6(10.6) Throwing
 + Level 5.6(10.6) Armour
 + Level 7.3(12.3) Dodging
 + Level 7.1(12.1) Stealth
 + Level 5.6(10.6) Shields
 + Level 5.6(10.6) Unarmed Combat
 + Level 7.6 Spellcasting
 + Level 8.6 Conjurations
 + Level 4.6 Hexes
 + Level 4.6 Charms
 + Level 4.6 Summonings
 + Level 4.6 Necromancy
 + Level 4.6 Translocations
 + Level 4.6 Transmutations
 + Level 4.6 Fire Magic
 + Level 4.6 Ice Magic
 + Level 4.6 Air Magic
 + Level 4.6 Earth Magic
 + Level 4.6 Poison Magic
 + Level 6.2 Invocations
 + Level 5.6 Evocations


You had 21 spell levels left.
You knew the following spells:

 Your Spells              Type           Power        Failure   Level  Hunger
a - Magic Dart            Conj           ####         1%          1    None
b - Searing Ray           Conj           #####.       1%          2    None

Your spell library contained the following spells:

 Spells                   Type           Power        Failure   Level  Hunger
 Dazzling Flash           Conj/Hex       ####..       1%          3    None
 Fulminant Prism          Conj/Hex       ####......   6%          4    ###....
 Iskenderun's Mystic Bla  Conj/Tloc      ####....     6%          4    ###....
 Irradiate                Conj/Tmut      ####......   16%         5    #####..
 Hydra Form               Tmut           ####......   90%         6    ######.
 Statue Form              Tmut/Erth      ####.....    90%         6    ######.
 Dragon Form              Tmut           ####......   100%        7    #######


Dungeon Overview and Level Annotations

Branches:
Dungeon (12/15)            Temple (1/1) D:7            Lair (0/6) D:9
    Orc: D:9-12

Altars:
Ashenzari
Cheibriados
Dithmenos
Elyvilon
Fedhas
Gozag
Hepliaklqana
Kikubaaqudgha
Makhleb
Nemelex Xobeh
Okawaru
Ru
Sif Muna
Trog
Uskayaw
Vehumet
Wu Jian
Xom
Yredelemnul
Zin
The Shining One
Jiyva

Shops:
D:4 }

Annotations:
D:9 2 transporters, lorenzova's ghost, novice DECj


Innate Abilities, Weirdness & Mutations

Your experience applies equally to all skills.
You have very sharp teeth.
Your uncanny sense of smell can sniff out nearby items.


Message History

Something hits you.
* * * LOW HITPOINT WARNING * * *
The searing ray hits something.
The searing ray hits the vampire mosquito!
The vampire mosquito is heavily damaged.
Something hits you!
* * * LOW HITPOINT WARNING * * *
Something barely misses you.
The orc wizard mumbles some strange words.
The orc wizard blinks!
You feel much better. Something hits you.
You feel protected. Something hits you!
* * * LOW HITPOINT WARNING * * *
Something hits you but does no damage.
You gain the combat prowess of a mighty hero.
Something hits you!
* * * LOW HITPOINT WARNING * * *
You closely miss something. Something hits you!
You die...

## $. .# .#
######.######
##......[./..#
..o########.............
..yyoy{@))).....>.......
...#######.=............
#............$.
#?.............
#.............%
##.............
##.....#.....#
#############


You could see 3 vampire mosquitoes, an orc wizard (fast) and an orc.

Vanquished Creatures
  A gargoyle (D:12)
  A queen bee (D:8)
  A hippogriff (D:7)
  A hungry ghost (D:8)
  3 wargs (D:9)
  2 orc warriors
  7 ice beasts
  2 sky beasts
  A black bear (D:8)
  4 ogres
  A phantom (D:6)
  8 centaurs
  3 bullfrogs
  2 scorpions
  20 killer bees (D:8)
  5 crimson imps
  A bullfrog zombie (D:8)
  5 hounds
  7 orc priests
  4 gnoll shamans (D:4)
  3 bullfrog skeletons
  2 jellies
  6 worker ants
  5 orc wizards
  A howler monkey zombie (D:9)
  A worker ant zombie (D:8)
  5 adders
  42 gnolls
  A howler monkey skeleton (D:6)
  3 shadow imps
  An ooze (D:1)
  2 adder zombies
  2 worms (D:3)
  7 leopard geckos
  15 orcs
  2 ball pythons
  14 bats
  11 giant cockroaches
  6 hobgoblins
  20 jackals
  5 quokkas
  5 frilled lizards
  11 goblins
  10 kobolds
  A leopard gecko zombie (D:8)
  6 rats
266 creatures vanquished.

Notes
Turn   | Place    | Note
-------+----------+-------------------------------------------
     0 | D:1      | funkygono the Gnoll Conjurer began the quest for the Orb.
     0 | D:1      | Reached XP level 1. HP: 13/13 MP: 6/6
   184 | D:1      | Reached XP level 2. HP: 19/19 MP: 5/7
   188 | D:1      | Learned a level 2 spell: Searing Ray
   329 | D:1      | Found a sparkling altar of Nemelex Xobeh.
   543 | D:1      | Reached XP level 3. HP: 25/25 MP: 6/9
   655 | D:1      | Reached skill level 5 in Spellcasting
   861 | D:2      | Reached skill level 1 in Invocations
  1086 | D:2      | Reached skill level 1 in Fighting
  1086 | D:2      | Reached skill level 1 in Short Blades
  1086 | D:2      | Reached skill level 1 in Long Blades
  1086 | D:2      | Reached skill level 1 in Axes
  1086 | D:2      | Reached skill level 1 in Maces & Flails
  1086 | D:2      | Reached skill level 1 in Polearms
  1086 | D:2      | Reached skill level 1 in Staves
  1086 | D:2      | Reached skill level 1 in Slings
  1086 | D:2      | Reached skill level 1 in Bows
  1086 | D:2      | Reached skill level 1 in Crossbows
  1086 | D:2      | Reached skill level 1 in Throwing
  1086 | D:2      | Reached skill level 1 in Armour
  1086 | D:2      | Reached skill level 1 in Shields
  1086 | D:2      | Reached skill level 1 in Unarmed Combat
  1086 | D:2      | Reached skill level 1 in Evocations
  1146 | D:2      | Reached XP level 4. HP: 32/32 MP: 9/11
  1616 | D:3      | Reached skill level 1 in Hexes
  1616 | D:3      | Reached skill level 1 in Charms
  1616 | D:3      | Reached skill level 1 in Summonings
  1616 | D:3      | Reached skill level 1 in Necromancy
  1616 | D:3      | Reached skill level 1 in Translocations
  1616 | D:3      | Reached skill level 1 in Transmutations
  1616 | D:3      | Reached skill level 1 in Fire Magic
  1616 | D:3      | Reached skill level 1 in Ice Magic
  1616 | D:3      | Reached skill level 1 in Air Magic
  1616 | D:3      | Reached skill level 1 in Earth Magic
  1616 | D:3      | Reached skill level 1 in Poison Magic
  2174 | D:3      | Found a white marble altar of Elyvilon.
  2258 | D:3      | Reached XP level 5. HP: 37/37 MP: 9/12
  2985 | D:4      | Found a radiant altar of Vehumet.
  3010 | D:4      | Found Nakalod's Gadget Boutique.
  3267 | D:4      | Reached XP level 6. HP: 44/44 MP: 9/13
  3344 | D:4      | Reached skill level 5 in Dodging
  3673 | D:4      | Reached XP level 7. HP: 34/50 MP: 11/15
  4094 | D:4      | Noticed a white ugly thing
  4269 | D:4      | Reached skill level 5 in Stealth
  4550 | D:4      | Reached XP level 8. HP: 40/57 MP: 7/16
  4744 | D:5      | Entered Level 5 of the Dungeon
  5785 | D:6      | Found a glowing golden altar of the Shining One.
  5892 | D:6      | Reached XP level 9. HP: 41/65 MP: 10/18
  6330 | D:7      | Found a staircase to the Ecumenical Temple.
  6345 | Temple   | Entered the Ecumenical Temple
  6387 | Temple   | Became a worshipper of Warmaster Okawaru
  7300 | D:8      | Reached skill level 8 in Conjurations
  7466 | D:8      | Reached * piety under Okawaru
  7516 | D:8      | Found a hide-covered altar of Uskayaw.
  7584 | D:8      | Noticed a queen bee
  7593 | D:8      | Killed a queen bee
  7593 | D:8      | Reached skill level 5 in Invocations
  7685 | D:8      | Reached XP level 10. HP: 54/73 MP: 16/20
  8072 | D:8      | Reached ** piety under Okawaru
  8181 | D:8      | Reached skill level 5 in Fighting
  8181 | D:8      | Reached skill level 5 in Short Blades
  8181 | D:8      | Reached skill level 5 in Long Blades
  8181 | D:8      | Reached skill level 5 in Axes
  8181 | D:8      | Reached skill level 5 in Maces & Flails
  8181 | D:8      | Reached skill level 5 in Polearms
  8181 | D:8      | Reached skill level 5 in Staves
  8181 | D:8      | Reached skill level 5 in Slings
  8181 | D:8      | Reached skill level 5 in Bows
  8181 | D:8      | Reached skill level 5 in Crossbows
  8181 | D:8      | Reached skill level 5 in Throwing
  8181 | D:8      | Reached skill level 5 in Armour
  8181 | D:8      | Reached skill level 5 in Shields
  8181 | D:8      | Reached skill level 5 in Unarmed Combat
  8181 | D:8      | Reached skill level 5 in Evocations
  8637 | D:9      | Found a transporter.
  8637 | D:9      | Noticed a death knight
  8966 | D:9      | Found a staircase to the Lair.
  9018 | D:9      | Noticed lorenzova's ghost (novice DECj)
  9020 | D:9      | Found a transporter.
  9131 | D:9      | Found a snail-covered altar of Cheibriados.
  9136 | D:9      | Found a bloodstained altar of Trog.
  9136 | D:9      | Found a glowing golden altar of the Shining One.
  9138 | D:9      | Found an ancient bone altar of Kikubaaqudgha.
  9138 | D:9      | Found a burning altar of Makhleb.
  9140 | D:9      | Found a shimmering blue altar of Sif Muna.
  9141 | D:9      | Found a sparkling altar of Nemelex Xobeh.
  9195 | D:9      | You fall into a shaft and drop 3 floors!
  9202 | D:12     | Noticed a gargoyle
  9223 | D:12     | Killed a gargoyle
  9223 | D:12     | Reached *** piety under Okawaru
  9856 | D:11     | Slain by an unseen horror

Illustrated notes

Levels and vault maps discovered:
D:1:      moated_graveyard_arrival, layout_basic, minmay_hexomino_r4
D:2:      layout_basic
D:3:      layout_basic, marbit_many_paths, serial_aquarium,
          aquarium_bridge_square [aquarium_subvault_window,
          aquarium_subvault_wall, aquarium_subvault_bridge,
          aquarium_subvault_bridge], aquarium_window_2, aquarium_window_1,
          aquarium_view_2d, aquarium_balcony_3a, aquarium_pool_2
D:4:      lemuel_castle_with_subvaults [lemuel_castle_interior_original],
          layout_loops_ring, lemuel_doored_altar, first_ration, serial_shops,
          nicolae_shop_trees
D:5:      layout_gridville
D:6:      layout_gridville, nicolae_tso_carved_into_rock
D:7:      layout_cave_pods, temple_pool_b
D:8:      layout_rooms, kennysheep_mini, david_nohive_1
D:9:      layout_gridville, nicolae_qazlal_general_emergency,
          grunt_temple_overflow_open, erik_lair_orcish_takeover,
          gammafunk_ghost_mausoleum, minivault_25
D:11:     layout_rooms, orc_0_dummy, hangedman_decor_riveting,
          lemuel_mausoleum_altar_kikubaaqudgha
D:12:     minmay_wavy_crystal, layout_small_grid, chequers_serial_rivers_small_b
Temple:   pf_slimified_temple

Skill      XL: |  1  2  3  4  5  6  7  8  9 10 |
---------------+-------------------------------+-----
Spellcasting   | 5 6 7 |  7.6
Invocations    | 1 2 3 4 5 6 |  6.2
Fighting       | 1 2 3 4 5 |  5.6
Short Blades   | 1 2 3 4 5 |  5.6
Long Blades    | 1 2 3 4 5 |  5.6
Axes           | 1 2 3 4 5 |  5.6
Maces & Flails | 1 2 3 4 5 |  5.6
Polearms       | 1 2 3 4 5 |  5.6
Staves         | 1 2 3 4 5 |  5.6
Slings         | 1 2 3 4 5 |  5.6
Bows           | 1 2 3 4 5 |  5.6
Crossbows      | 1 2 3 4 5 |  5.6
Throwing       | 1 2 3 4 5 |  5.6
Armour         | 1 2 3 4 5 |  5.6
Shields        | 1 2 3 4 5 |  5.6
Unarmed Combat | 1 2 3 4 5 |  5.6
Evocations     | 1 2 3 4 5 |  5.6
Hexes          | 1 2 3 4 |  4.6
Charms         | 1 2 3 4 |  4.6
Summonings     | 1 2 3 4 |  4.6
Necromancy     | 1 2 3 4 |  4.6
Translocations | 1 2 3 4 |  4.6
Transmutations | 1 2 3 4 |  4.6
Fire Magic     | 1 2 3 4 |  4.6
Ice Magic      | 1 2 3 4 |  4.6
Air Magic      | 1 2 3 4 |  4.6
Earth Magic    | 1 2 3 4 |  4.6
Poison Magic   | 1 2 3 4 |  4.6
Dodging        | 5 6 7 |  7.3
Stealth        | 5 6 7 |  7.1
Conjurations   | 8 |  8.6

Action                   |  1- 3 |  4- 6 |  7- 9 | 10-12 || total
-------------------------+-------+-------+-------+-------++-------
Melee: Whip              |     4 |    25 |     4 |       ||    33
       Flail             |       |       |    22 |    63 ||    85
       Bite              |       |       |     3 |     6 ||     9
       Punch             |       |       |       |     3 ||     3
 Cast: Magic Dart        |    62 |    84 |   137 |    63 ||   346
       Searing Ray       |     4 |    17 |    61 |    44 ||   126
Invok: Heroism           |       |       |       |     3 ||     3
  Use: Scroll            |     5 |     1 |     7 |     5 ||    18
       Potion            |       |       |     2 |     2 ||     4
  Eat: Chunk             |     1 |     7 |    10 |     7 ||    25
       Ration            |       |       |     1 |       ||     1
Armor: Robe              |     2 |     4 |     8 |    15 ||    29
Dodge: Dodged            |     5 |    36 |    54 |   144 ||   239
